 Dungeon Crawl Stone Soup version 0.26.1-11-gd32895ea62 (webtiles) character file.

Game seed: 1097358538324228429

284 infcreate the Grave Robber (level 6, -1/34 HPs)
             Began as a Vampire Necromancer on July 16, 2021.
             Slain by a worker ant (7 damage)
             ... on level 3 of the Dungeon.
             The game lasted 00:11:23 (4257 turns).

infcreate the Grave Robber (Vampire Necromancer)    Turns: 4257, Time: 00:11:23

Health: -1/34      AC:  4    Str:  7    XL:     6   Next: 7%
Magic:  2/9        EV: 14    Int: 17    God:
Gold:   144        SH:  0    Dex: 17    Spells: 5/10 levels left

rFire    . . .     SeeInvis +   c - +0 dagger
rCold    + + .     Faith    .   (no shield)
rNeg     + + +     Spirit   .   a - +0 robe
rPois    ∞         Reflect  .   j - +0 helmet
rElec    .         Harm     .   h - +0 cloak
rCorr    .         Rampage  .   (no gloves)
Will     +....                  (no boots)
Stlth    ++++++....             (no amulet)
HPRegen  0.00/turn              l - ring of willpower
MPRegen  0.11/turn              Q - ring of stealth

@: bloodless
A: fangs 3, see invisible, unbreathing
a: Bat Form, Revivify


You were on level 3 of the Dungeon.
You visited 1 branch of the dungeon, and saw 4 of its levels.

You collected 144 gold pieces.


Innate Abilities, Weirdness & Mutations

You do not regenerate when monsters are visible.
You are frail without blood (-20% HP).
You can heal yourself when you bite living creatures.
You are immune to poison.
You have razor-sharp teeth.
You have supernaturally acute eyesight. (SInv)
You can survive without breathing.


   Skills:
 + Level 1.4 Fighting
 + Level 1.9 Short Blades
 * Level 3.8 Dodging
 * Level 5.3 Stealth
 + Level 2.6 Spellcasting
 * Level 5.4 Necromancy


You had 5 spell levels left.
You knew the following spells:

 Your Spells              Type           Power        Failure   Level
a - Animate Skeleton      Necr           40%          1%          1
p - Pain                  Necr           80%          1%          1
v - Vampiric Draining     Necr           10%          6%          3

Your spell library contained the following spells:

 Spells                   Type           Power        Failure   Level
 Animate Dead             Necr           10%          19%         4
 Agony                    Necr           20%          47%         5

Inventory:

Hand Weapons
 c - a +0 dagger (weapon)
Armour
 a - a +0 robe (worn)
 e - a +0 buckler
 h - a +0 cloak (worn)
 j - a +0 helmet (worn)
Jewellery
 l - a ring of willpower (left hand)
 Q - a ring of stealth (right hand)
Wands
 i - a wand of disintegration (15)
 p - a wand of paralysis (5)
Scrolls
 d - a scroll of magic mapping {unknown}
 k - 3 scrolls of remove curse {@r2}
 n - a scroll of teleportation {@r4}
 o - a scroll of identify {unknown}
Potions
 b - a potion of heal wounds {unknown}
 f - 4 potions of curing {unknown}
 g - 4 potions of invisibility {unknown}
 m - a potion of brilliance {unknown}

Dungeon Overview and Level Annotations

Branches:
Dungeon (4/15)
 Temple: D:4-7

Altars:

### #####
#.####.#.#
#......@.#
#......#B#
######.#.# ###
#.#.# ..# ########
#.#.#
..####......###.#.#
...............>..#
..#.##......###.###
..#.##......# #.#


You could see a worker ant.


Message History

Aiming: Pain (safe; 1% risk of failure)
Press: ? - help, Shift-Dir - straight line, f/p - worker ant
Aim: a worker ant (heavily wounded, chance to affect: 85%)
The worker ant writhes in agony.
The worker ant closely misses you. x2
Your magical contamination has completely faded away.
The worker ant closely misses you.
The worker ant waves its antennae.
The worker ant bites you.
* * * LOW HITPOINT WARNING * * *
The worker ant bites you.
* * * LOW HITPOINT WARNING * * *
The worker ant bites you.
* * * LOW HITPOINT WARNING * * *
Casting: Pain (safe; 1% risk of failure)
Confirm with . or Enter, or press ? or * to list all spells.
Aiming: Vampiric Draining (dangerous; 6% risk of failure)
Press: ? - help, Shift-Dir - straight line, f/p - worker ant
Aim: a worker ant (heavily wounded)
The worker ant is almost dead.
You feel life coursing into your body. The worker ant misses you.
The worker ant misses you.
The worker ant waves its antennae.
The worker ant bites you.
* * * LOW HITPOINT WARNING * * *
The worker ant completely misses you.
The worker ant waves its antennae.
The worker ant bites you.
* * * LOW HITPOINT WARNING * * *
The worker ant bites you!
You die...

Skill      XL: |  1  2  3  4  5 |
---------------+----------------+-----
Short Blades   | 1 |  1.9
Dodging        | 3 |  3.8
Stealth        | 4 5 |  5.3
Necromancy     | 5 |  5.4
Fighting       | 1 |  1.4
Spellcasting   | |  2.6

Action                   |  1- 3 |  4- 6 || total
-------------------------+-------+-------++-------
Melee: Short sword       |    12 |       ||    12
       Bite              |     2 |     5 ||     7
       Unarmed           |     5 |     1 ||     6
       Dagger            |       |    31 ||    31
 Cast: Pain              |    35 |    85 ||   120
       Vampiric Draining |       |     6 ||     6
 Abil: Exsanguinate      |     1 |       ||     1
  Use: Scroll            |     1 |     1 ||     2
 Stab: Sleeping          |     7 |     3 ||    10
Armor: Robe              |     4 |    13 ||    17
Dodge: Dodged            |    23 |    51 ||    74

Levels and vault maps discovered:
D:1:      dpeg_arrival_simpleton_a, layout_basic
D:2:      layout_loops_cross, chequers_ecumenical_altar_simple_redux
D:3:      layout_basic
D:4:      minmay_spotlight, layout_rooms

Notes
Turn   | Place    | Note
-------+----------+-------------------------------------------
     0 | D:1      | infcreate the Vampire Necromancer began the quest for the
                  | Orb.
     0 | D:1      | Reached XP level 1. HP: 13/13 MP: 3/3
    46 | D:1      | Learned a level 1 spell: Animate Skeleton
   375 | D:1      | Reached XP level 2. HP: 4/15 MP: 0/5
  1013 | D:1      | Reached XP level 3. HP: 18/20 MP: 0/6
  1017 | D:1      | Learned a level 3 spell: Vampiric Draining
  1071 | D:2      | Reached skill level 1 in Short Blades
  1314 | D:2      | Reached skill level 3 in Dodging
  1314 | D:2      | Reached skill level 4 in Stealth
  1314 | D:2      | Reached XP level 4. HP: 24/24 MP: 4/7
  1347 | D:2      | Found a faded altar of an unknown god.
  2117 | D:3      | Reached skill level 5 in Necromancy
  2668 | D:3      | Reached skill level 1 in Fighting
  2821 | D:3      | Reached XP level 5. HP: 28/29 MP: 4/8
  3484 | D:4      | Paralysed by an orc for 5 turns
  3582 | D:4      | Noticed an ogre
  4028 | D:3      | Killed an ogre
  4029 | D:3      | Reached skill level 5 in Stealth
  4103 | D:4      | Reached XP level 6. HP: 26/34 MP: 9/9
  4257 | D:3      | Slain by a worker ant

Vanquished Creatures
  An ogre (D:3)
  A centaur skeleton (D:4)
  An orc wizard (D:3)
  A worker ant (D:2)
  A hound skeleton (D:4)
  4 adders
  A worm (D:2)
  A dart slug (D:3)
  3 leopard geckos
  7 orcs
  A ball python (D:3)
  7 hobgoblins
  10 jackals
  6 bats
  3 frilled lizards
  2 goblins (D:3)
  5 kobolds
  6 rats
61 creatures vanquished.

Table legend: (Time is in decaauts)
 A = Elapsed time spent in this place.
 B = Non-inter-level travel time spent in this place.
 C = Inter-level travel time spent in this place.
 D = Time resting spent in this place.
 E = Time spent auto-exploring this place.
 F = Levels seen in this place.
 G = Mean time per level.
                   A        B        C        D        E       F      G
               +--------+--------+--------+--------+--------+-----+--------+
         Total |   4259 |   3475 |    784 |   1449 |      0 |   4 | 1064.8 |
       Dungeon |   4259 |   3475 |    784 |   1449 |      0 |   4 | 1064.8 |
               +--------+--------+--------+--------+--------+-----+--------+

Top non-repeatable levels by time:
     D:3: 1975 daAuts
     D:2: 987 daAuts
     D:1: 942 daAuts
     D:4: 354 daAuts

Table legend:
 A = Non-vault XP
 B = Vault XP
 C = Vault XP percentage of total XP
 D = Non-vault monster count
 E = Vault monster count
 F = Vault count percentage of total count
                 A         B        C        D         E       F
            +---------+---------+-------+---------+---------+-------
      Total |     363 |      43 |  10.6 |      60 |       1 |   1.6
            +---------+---------+-------+---------+---------+-------
        D:1 |      33 |       0 |   0.0 |      12 |       0 |   0.0
        D:2 |      75 |       0 |   0.0 |      12 |       0 |   0.0
        D:3 |     219 |       0 |   0.0 |      27 |       0 |   0.0
        D:4 |      36 |      43 |  54.4 |       9 |       1 |  10.0
            +---------+---------+-------+---------+---------+-------
